AoeStats
← psonic

Arena

507756865Analyzed
3v3 RM · 12d ago on Sep 19, 2026· 44m 10s· 6 players
Game mode
Random Map
Map size
Normal (6 player)
Population
200
Speed
Normal
Resources
Standard
Victory
Conquest
Starting age
Dark Age
Ending age
Imperial Age
RankedLock teamsTeams togetherTeam positionsShared explorationLock speedFull tech treeHidden civsTurbo modeCheats
Victory
Defeat
🇩🇪 Romans · Germany
1176
+15
🇺🇸 Malay · United States
1137
+17
🇸🇰 Vikings · Slovakia
1062
+20
🇩🇪 Britons · Germany
1268
-21
🇩🇪 Mongols · Germany
1260
-22
🇩🇪 Franks · Germany
943
-29
psonic
10:02 Feudal Age
11:28 Double-Bit Axe
14:11 Castle Age
12:01 Horse Collar
15:27 Bow Saw
19:42 Stone Mining
20:54 Loom
21:04 Gold Mining
23:35 Wheelbarrow
25:19 Hand Cart
25:46 Gold Shaft Mining
28:29 Imperial Age
25:45 Town Watch
26:36 Ballistics
27:03 Masonry
27:07 Fletching
27:18 Padded Archer Armor
27:49 Bodkin Arrow
28:29 Bloodlines
28:19 Husbandry
28:46 Leather Archer Armor
30:24 Conscription
29:37 Capped Ram
30:32 Bracer
31:34 Chemistry
32:00 Siege Engineers
32:05 Scale Barding Armor
33:04 Heavy Plow
33:41 Chain Barding Armor
33:32 Forging
33:59 Parthian Tactics
33:01 Light Cavalry
34:14 Thumb Ring
34:25 Hussar
38:00 Iron Casting
42:05 Blast Furnace
41:10 Elite Mangudai
Sasa
3:38 Loom
14:43 Feudal Age
15:13 Double-Bit Axe
16:13 Wheelbarrow
17:52 Scale Barding Armor
20:51 Gold Mining
26:33 Castle Age
27:27 Husbandry
27:54 Chain Barding Armor
27:55 Hand Cart
28:06 Bow Saw
28:41 Gold Shaft Mining
30:04 Stone Mining
31:06 Scale Mail Armor
32:03 Light Cavalry
33:00 Forging
34:47 Caravan
36:06 Iron Casting
39:58 Imperial Age
40:07 #83
41:16 Guard Tower
42:30 Chemistry
41:03 Cavalier
43:40 Plate Barding Armor
Lsk.
10:20 Feudal Age
14:38 Castle Age
12:47 Double-Bit Axe
12:52 Horse Collar
15:38 Bow Saw
17:14 Wheelbarrow
16:28 Loom
19:32 Heavy Plow
21:18 Fletching
22:30 Crossbowman
24:11 Gold Mining
26:30 Bodkin Arrow
29:28 Imperial Age
28:11 Gold Shaft Mining
27:36 Bodkin Arrow
29:30 Hand Cart
30:17 Ballistics
31:28 Bracer
31:39 Arbalester
36:59 Chemistry
golden Eagle
0:26 Loom
11:26 Feudal Age
15:55 Castle Age
14:47 Horse Collar
15:51 Double-Bit Axe
17:21 Bow Saw
18:37 Wheelbarrow
18:29 Heavy Plow
30:18 Imperial Age
29:04 Ballistics
28:52 Ballistas
28:54 Gold Mining
29:25 Hand Cart
31:22 Gold Shaft Mining
30:41 Heavy Scorpion
31:29 Siege Engineers
32:36 Chemistry
32:20 Fortified Wall
32:21 Capped Ram
34:01 Pikeman
35:08 Siege Ram
38:09 Scale Mail Armor
38:20 Forging
40:24 Conscription
40:26 Chain Mail Armor
40:47 Iron Casting
40:18 Halberdier
42:02 Squires
marekrika
0:43 Loom
11:11 Feudal Age
11:41 Double-Bit Axe
12:01 Horse Collar
19:10 Castle Age
18:20 Stone Mining
18:32 Gold Mining
19:41 Pikeman
31:50 Imperial Age
29:29 Scale Mail Armor
29:31 Elite Skirmisher
30:07 Fletching
30:18 Padded Archer Armor
32:04 Gold Shaft Mining
32:59 Fortified Wall
33:00 Masonry
32:31 Treadmill Crane
33:52 Chemistry
33:13 Ballistics
33:20 Conscription
33:20 Leather Archer Armor
33:16 Forging
35:21 Architecture
35:14 Bodkin Arrow
35:49 Ring Archer Armor
35:19 Elite Berserk
37:35 Squires
39:00 Bow Saw
42:22 Chain Mail Armor
42:42 Iron Casting
42:08 Bracer
44:29 Plate Mail Armor
DeleFern
9:52 Feudal Age
10:55 Loom
16:35 Castle Age
14:29 Double-Bit Axe
14:52 Stone Mining
16:10 Horse Collar
24:33 Wheelbarrow
29:13 Imperial Age
27:27 Scale Barding Armor
28:02 Forging
28:57 Gold Mining
29:31 Capped Ram
34:31 Iron Casting
35:03 Conscription
39:17 Squires
39:03 Arson
40:23 Blast Furnace
41:17 Bow Saw
41:27 Hand Cart
40:42 Elite Battle Elephant
41:23 Husbandry
Connection lost

Rejoining the realm…

Still unreachable

The connection could not be restored.

Session expired

The server has moved on; the page needs a fresh start.